 Seeded DCSS version 0.27.1-34-g3ba077fa99 (webtiles) character file.

Game seed: 11791701998605686111 (custom seed)

344 voltaire321 the Skirmisher (level 6, 0/56 HPs)
             Began as a Hill Orc Fighter on Jan 9, 2022.
             Slain by a kobold brigand (4 damage)
             ... in a sewer.
             The game lasted 00:07:33 (4534 turns).

voltaire321 the Skirmisher (Hill Orc Fighter)       Turns: 4534, Time: 00:07:34

Health: 0/56       AC:  8    Str: 17 (20) XL:     6   Next: 58%
Magic:  6/6        EV:  7    Int:  7 (8)  God:
Gold:   120        SH:  9    Dex:  9 (11) Spells: 5/5 levels left

rFire    . . .     SeeInvis .   a - +0 flail
rCold    . . .     Faith    .   c - +0 kite shield
rNeg     . . .     Spirit   .   b - +0 scale mail
rPois    .         Reflect  .   p - +0 helmet
rElec    .         Harm     .   (no cloak)
rCorr    .         Rampage  .   (no gloves)
Will     +....                  (no boots)
Stlth    ..........             (no amulet)
HPRegen  0.18/turn              g - ring of willpower
MPRegen  0.10/turn              (no ring)

@: no status effects
A: no striking features
a: no special abilities


You were in a sewer.
You visited 1 branch of the dungeon, and saw 4 of its levels.
You also visited: Sewer.

You collected 120 gold pieces.

Inventory:

Hand Weapons
 a - a +0 flail (weapon)
Missiles
 o - 6 silver boomerangs (quivered)
Armour
 b - a +0 scale mail (worn)
 c - a +0 kite shield (worn)
 p - a +0 helmet (worn)
Jewellery
 g - a ring of willpower (left hand)
Wands
 j - a wand of mindburst (9)
 n - a wand of flame (11)
Scrolls
 e - a scroll of magic mapping {unknown}
 f - 2 scrolls of identify {unknown}
 h - a scroll of fear {unknown}
 l - 2 scrolls of noise {unknown}
 m - a scroll of amnesia {unknown}
 s - a scroll of immolation {unknown}
 t - a scroll of enchant weapon {unknown}
Potions
 d - a potion of might
 i - a potion of berserk rage {unknown}
 k - a potion of curing {unknown}
 q - a potion of cancellation


   Skills:
 + Level 5.2 Fighting
 + Level 4.0 Maces & Flails
 + Level 1.2 Throwing
 + Level 4.7 Armour
 + Level 4.7 Shields


You had 5 spell levels left.
You didn't know any spells.
Your spell library was empty.

Dungeon Overview and Level Annotations

Branches:
Dungeon (4/15)              Sewer (1/1)
 Temple: D:4-7

Altars:
Trog

Annotations:
D:2 Sigmund


Message History

You block the endoplasm's attack.
The kobold brigand shoots a bolt.
The bolt hits you! The endoplasm freezes you.
You are frozen.
You sock the endoplasm!
You kill the endoplasm!
The kobold brigand shoots a bolt.
The bolt hits you.
* * * LOW HITPOINT WARNING * * *
The kobold brigand unwields a +0 hand crossbow.
The kobold brigand wields a +0 dagger.
The kobold brigand hits you but does no damage.
The kobold brigand hits you with a +0 dagger.
* * * LOW HITPOINT WARNING * * *
You closely miss the kobold brigand.
The kobold brigand splashes around in the water.
You hit the kobold brigand.
The kobold brigand is lightly wounded.
The kobold brigand hits you with a +0 dagger.
* * * LOW HITPOINT WARNING * * *
You block the kobold brigand's attack.
Your shield prevents you from hitting the kobold brigand.
The kobold brigand is lightly wounded.
The kobold brigand hits you with a +0 dagger.
* * * LOW HITPOINT WARNING * * *
You hit the kobold brigand but do no damage.
The kobold brigand is lightly wounded.
The kobold brigand hits you with a +0 dagger.
* * * LOW HITPOINT WARNING * * *
You barely miss the kobold brigand.
The kobold brigand is lightly wounded.
The kobold brigand hits you with a +0 dagger.
* * * LOW HITPOINT WARNING * * *
The kobold brigand hits you but does no damage.
It was a potion of cancellation.
You feel magically purged. You block the kobold brigand's attack.
It was a potion of degeneration.
There was something very wrong with that liquid.
You feel weakened.
You feel dopey.
You feel clumsy.
The kobold brigand hits you with a +0 dagger.
You die...

#..≈##
##.≈.#
#.≈.#
#.≈.#
#≈≈.#
#≈≈.#
##.≈≈##
##≈≈≈##
#≈≈≈.≈#
#≈≈≈..#
#≈###≈#
#≈###≈#
#. #.#
#≈# #≈#
#. ##≈##
##†###†##
#≈.@#
#≈≈≈#≈..#
#≈#K#
#≈#≈#≈#≈#
#≈#≈#
#≈#≈#≈#≈#
#≈#≈#
#≈#≈#≈#≈#
#.#.#
#.#.#.#.#
#####
#########


You could see a kobold brigand.

Vanquished Creatures
  A scorpion (D:2)
  Jessica (D:2)
  Natasha (thrice) (D:3)
  2 orc wizards (D:3)
  3 adders
  3 worms
  3 dart slugs (D:2)
  7 orcs (D:3)
  5 ball pythons
  10 endoplasms
  7 giant cockroaches
  7 goblins
  5 hobgoblins
  4 jackals (D:1)
  4 kobolds
  7 quokkas
  5 bats
  3 frilled lizards
  5 rats
85 creatures vanquished.

Notes
Turn   | Place    | Note
-------+----------+-------------------------------------------
     0 | D:1      | voltaire321 the Hill Orc Fighter began the quest for the
                  | Orb.
     0 | D:1      | Reached XP level 1. HP: 19/19 MP: 1/1
   154 | D:1      | Reached XP level 2. HP: 26/27 MP: 2/2
   938 | D:1      | Reached skill level 4 in Fighting
  1348 | D:2      | Reached XP level 3. HP: 31/33 MP: 3/3
  1381 | D:2      | Noticed Jessica
  1383 | D:2      | Noticed a scorpion
  1593 | D:2      | Noticed Sigmund
  2301 | D:2      | Found a faded altar of an unknown god.
  2340 | D:2      | Reached XP level 4. HP: 40/40 MP: 4/4
  2501 | D:2      | Killed Jessica
  2577 | D:2      | Killed a scorpion
  2578 | D:2      | Reached XP level 5. HP: 28/47 MP: 5/5
  3204 | D:3      | Found a bloodstained altar of Trog.
  3399 | D:3      | Noticed Natasha
  3412 | D:3      | Killed Natasha
  3732 | D:3      | Reached skill level 5 in Fighting
  3732 | D:3      | Reached XP level 6. HP: 52/56 MP: 6/6
  4081 | D:3      | Noticed Natasha
  4088 | D:3      | Killed Natasha
  4089 | D:3      | Reached skill level 1 in Throwing
  4121 | D:3      | Noticed Natasha
  4126 | D:3      | Killed Natasha
  4210 | D:4      | Found a glowing drain.
  4240 | Sewer    | Entered a sewer
  4534 | Sewer    | Slain by a kobold brigand

Illustrated notes

Levels and vault maps discovered:
D:1:      pf_arrival_petrified_forest, layout_basic
D:2:      layout_rooms, basic_ecumenical_altar, grunt_ministairs_10,
          uniq_sigmund, uniq_jessica
D:3:      layout_basic, trog_butcher_becter, minmay_misc_feat_chi, uniq_natasha
D:4:      minmay_octagon_keep, layout_loops_corners, portal_sewer_entry_f
Sewer:    sewer_co_tree

Skill      XL: |  1  2  3  4  5  6 |
---------------+-------------------+-----
Fighting       | 4 5 |  5.2
Maces & Flails | 3 4 |  4.0
Armour         | 4 |  4.7
Shields        | 4 |  4.7
Throwing       | 1 |  1.2

Action                   |  1- 3 |  4- 6 || total
-------------------------+-------+-------++-------
Melee: Flail             |   134 |   240 ||   374
  Use: Potion            |       |     2 ||     2
Armor: Scale mail        |    99 |   137 ||   236
Dodge: Dodged            |    45 |    83 ||   128
Block: Kite shield       |    81 |   128 ||   209
